 Dungeon Crawl Stone Soup version 0.22-a0-782-g038298e (webtiles) character file.

15301 Hebeh the Thaumaturge (level 12, -20/59 HPs)
             Began as a Deep Elf Conjurer on July 19, 2018.
             Was a High Priest of Vehumet.
             Demolished by a large slime creature (31 damage)
             ... on level 11 of the Dungeon.
             The game lasted 02:12:08 (16433 turns).

Hebeh the Thaumaturge (Deep Elf Conjurer)          Turns: 16433, Time: 02:12:09

Health: -20/59     AC: 12    Str:  5    XL:     12   Next: 0%
Magic:  33/40      EV: 17    Int: 26    God:    Vehumet [*****.]
Gold:   929        SH:  5    Dex: 15    Spells: 14/37 levels left

rFire    + . .     SeeInvis .   a - staff of death
rCold    + . .     Gourm    .   I - +0 buckler
rNeg     + . .     Faith    .   W - +1 robe {Archmagi}
rPois    +         Spirit   .   O - +1 helmet
rElec    +         Reflect  .   Z - +0 cloak
rCorr    +         Harm     .   (no gloves)
MR       +....                  y - +0 pair of boots
Stlth    +++.......             s - amulet of regeneration
HPRegen  0.59/turn              e - ring of magical power
MPRegen  0.27/turn              J - +5 ring of protection

@: resistant
A: no striking features
a: Renounce Religion


You were on level 11 of the Dungeon.
You worshipped Vehumet.
Vehumet was extremely pleased with you.
You were not hungry.

You visited 2 branches of the dungeon, and saw 13 of its levels.
You also visited: Ossuary.

You collected 929 gold pieces.

Inventory:

Hand Weapons
 b - a +0 hunting sling
 T - a +3 flail of draining
Missiles
 g - 138 arrows
 h - 146 sling bullets
Armour
 y - a +0 pair of boots (worn)
 I - a +0 buckler (worn)
 O - a +1 helmet (worn)
 W - a +1 robe of the Archmagi (worn)
 Z - a +0 cloak (worn)
Magical Staves
 a - an uncursed staff of death (weapon)
Jewellery
 e - a ring of magical power (left hand)
 i - an uncursed amulet of the acrobat
 s - an amulet of regeneration (around neck)
 C - an uncursed ring of protection from magic
 J - a +5 ring of protection (right hand)
 Y - an uncursed ring of magical power
Wands
 k - a wand of acid (5)
 m - a wand of flame (30)
 D - a wand of iceblast (8)
 P - a wand of paralysis (26)
 Q - a wand of random effects (26)
 R - a wand of digging (9)
Scrolls
 j - 2 scrolls of immolation
 t - 4 scrolls of remove curse
 v - 2 scrolls of fog {unknown}
 x - 3 scrolls of amnesia
 B - 2 scrolls of teleportation
 E - a scroll of brand weapon {unknown}
 F - a scroll of holy word {unknown}
 H - a scroll of noise {unknown}
 L - a scroll of vulnerability {unknown}
 M - a scroll of enchant weapon
 S - 2 scrolls of fear {unknown}
 U - 2 scrolls of identify
 V - a scroll of magic mapping
Potions
 d - 2 potions of brilliance
 f - 4 potions of might {unknown}
 n - a potion of invisibility {unknown}
 p - 8 potions of curing
 q - a potion of heal wounds {unknown}
 r - 2 potions of ambrosia {unknown}
 u - 3 potions of flight {unknown}
 w - 2 potions of mutation {unknown}
 z - 2 potions of haste {unknown}
 A - 2 potions of berserk rage {unknown}
 G - 3 potions of lignification {unknown}
 K - a potion of cancellation {unknown}
 N - 5 potions of degeneration {unknown}
Miscellaneous
 X - a phial of floods
Comestibles
 c - 15 rations


   Skills:
 + Level 0.0 Fighting
 + Level 8.3 Dodging
 - Level 4.2 Stealth
 - Level 4.0 Shields
 * Level 13.3 Spellcasting
 * Level 12.5 Conjurations
 - Level 4.6 Translocations
 - Level 4.0 Fire Magic
 - Level 4.0 Air Magic
 - Level 4.0 Poison Magic
 - Level 4.0 Evocations


You had 14 spell levels left.
You knew the following spells:

 Your Spells              Type           Power        Failure   Level  Hunger
a - Magic Dart            Conj           ####         0%          1    None
b - Iskenderun's Mystic   Conj           #######.     1%          4    None
c - Searing Ray           Conj           ######       1%          2    None
d - Force Lance           Conj/Tloc      #######.     1%          4    None
e - Conjure Flame         Conj/Fire      ######..     1%          3    None
f - Mephitic Cloud        Conj/Pois/Air  ######..     1%          3    None
g - Airstrike             Air            ######....   1%          4    None
j - Blink                 Tloc           N/A          1%          2    None

Your spell library contained the following spells:

 Spells                   Type           Power        Failure   Level  Hunger
 Slow                     Hex            ####....     4%          2    None
 Throw Frost              Conj/Ice       ######       1%          2    None
 Freeze                   Ice            ####         1%          1    None
 Summon Ice Beast         Ice/Summ       ####....     32%         4    None
 Ozocubu's Armour         Chrm/Ice       ####....     10%         3    None
 Call Imp                 Summ           ####....     4%          2    None
 Spider Form              Tmut/Pois      #####.....   4%          3    None
 Blade Hands              Tmut           ####......   65%         5    ##.....
 Ice Form                 Ice/Tmut       ####....     32%         4    None
 Throw Icicle             Conj/Ice       ######..     1%          4    None
 Sticks to Snakes         Tmut           ####....     4%          2    None
 Beastly Appendage        Tmut           ####..       3%          1    None
 Fulminant Prism          Conj/Hex       ######....   1%          4    None
 Dazzling Spray           Conj/Hex       ######       1%          3    None


Dungeon Overview and Level Annotations

Branches:
Dungeon (12/15)            Temple (0/1) D:7            Lair (1/6) D:9
    Orc (0/2) D:11

Altars:
Fedhas
Gozag
Kikubaaqudgha
Makhleb
Nemelex Xobeh
Okawaru
Ru
Sif Muna
Trog
Vehumet
Xom
The Shining One

Shops:
D:6 %%[(

Portals:
Trove: D:10 (give 6 scrolls of blinking)

Annotations:
D:7 exclusion: ice statue
D:8 2 transporters


Message History

You feel a surge of power!
The orb of energy hits the slime creature.
The slime creature is severely wounded.
Two slime creatures merge to form a large slime creature.
The floating eye seems to glare at you. You block the slime creature's attack.
The slime creature hits you! The large slime creature hits you!!
Ouch! That really hurt!
* * * LOW HITPOINT WARNING * * *
The slime creature barely misses you. x2
You climb upwards.
There is a stone staircase leading down here.
You feel better.
The large slime creature closely misses you.
You block the slime creature's attack. The slime creature hits you.
* * * LOW HITPOINT WARNING * * *
You feel protected. The large slime creature hits you!!
Ouch! That really hurt!
You die...

..# #..##...###.##...#####.#
#.# ###
#........##............###.#
##>##....#####......###....#
#.#.................##.###.
#.#.###.###.###.)....#.# #(
#.#.# #....## ##.....#.###.
#...###....# #.<.........
#########.....##J##
##....##.####
...........##.##@J###....###.#
# #########..##.##J#......##
#.# # #........##.##..# #.# #
#.###.#####.##..# #>#### #.#
#...........# #..... #.#
#######.##.########## #.#
#.##...........
#.#########.#############
#...........# #


You could see a large slime creature and 2 slime creatures.

Vanquished Creatures
  Snorg (D:10)
  Erolcha (D:10)
  4 two-headed ogres
  2 ugly things (D:11)
  2 manticores
  A centaur zombie (D:9)
  Psyche (D:9)
  A gargoyle (D:12)
  A rime drake (D:12)
  A guardian mummy (D:10)
  A slime creature (D:12)
  2 hippogriffs
  9 yaks
  A spriggan (D:8)
  2 wraiths
  2 wyverns (D:10)
  A steam dragon (D:11)
  Edmund (D:6)
  2 ice beasts
  4 orc warriors
  A black bear (D:11)
  3 sky beasts
  4 ogres
  3 phantoms
  2 centaurs
  A crocodile (D:12)
  4 big kobolds
  A gnoll sergeant (D:9)
  4 bullfrogs
  2 water moccasin zombies (Ossuary)
  6 scorpions
  3 killer bees (D:12)
  3 howler monkeys
  4 wights (D:10)
  8 crimson imps
  2 quasits
  2 bullfrog zombies
  5 hounds
  4 orc priests
  2 bullfrog skeletons
  2 centaur skeletons
  7 jellies
  11 orc wizards
  A gnoll shaman (D:6)
  An iguana (D:12)
  Terence (D:2)
  Natasha (thrice) (D:2)
  9 worker ants
  2 big kobold zombies (Ossuary)
  A hound zombie (D:8)
  A hound skeleton (D:4)
  2 mummies (Ossuary)
  A howler monkey zombie (D:6)
  6 gnolls
  14 adders
  A shadow imp (D:9)
  An ooze (D:5)
  9 adder zombies
  An adder skeleton (D:8)
  4 worms
  3 dart slugs
  8 leopard geckos
  25 orcs
  3 ball pythons
  7 giant cockroaches
  5 gnoll zombies (Ossuary)
  12 goblins
  6 hobgoblins
  10 jackals
  24 kobolds
  A quokka (D:4)
  8 bats
  5 frilled lizards
  A giant cockroach zombie (D:6)
  5 hobgoblin zombies (Ossuary)
  4 kobold zombies (Ossuary)
  3 orc zombies (Ossuary)
  3 quokka skeletons
  4 rats
  A fungus (D:5)
320 creatures vanquished.

Vanquished Creatures (others)
  A human (D:2)
1 creature vanquished.

Grand Total: 321 creatures vanquished

Notes
Turn   | Place    | Note
-------+----------+-------------------------------------------
     0 | D:1      | Hebeh the Deep Elf Conjurer began the quest for the Orb.
     0 | D:1      | Reached XP level 1. HP: 10/10 MP: 6/6
   399 | D:1      | Reached XP level 2. HP: 15/15 MP: 0/8
   981 | D:2      | Reached XP level 3. HP: 19/19 MP: 5/10
  1052 | D:2      | Found an ancient bone altar of Kikubaaqudgha.
  1073 | D:2      | Noticed a human
  1074 | D:2      | Killed a human
  1402 | D:2      | Learned a level 2 spell: Searing Ray
  1691 | D:2      | Reached XP level 4. HP: 24/24 MP: 4/11
  1750 | D:2      | Learned a level 4 spell: Iskenderun's Mystic Blast
  1836 | D:2      | Noticed Terence
  1842 | D:2      | Killed Terence
  1842 | D:2      | Reached skill level 4 in Spellcasting
  1851 | D:2      | Reached skill level 5 in Conjurations
  2001 | D:2      | Found a burning altar of Makhleb.
  2033 | D:2      | Noticed Natasha
  2038 | D:2      | Killed Natasha
  2046 | D:2      | Noticed Natasha
  2053 | D:2      | Killed Natasha
  2053 | D:2      | Reached XP level 5. HP: 2/28 MP: 2/13
  2142 | D:2      | Noticed Natasha
  2145 | D:2      | Killed Natasha
  2363 | D:2      | Learned a level 4 spell: Force Lance
  2892 | D:3      | Found a blossoming altar of Fedhas.
  2901 | D:3      | Found an opulent altar of Gozag.
  2902 | D:3      | Found a sacrificial altar of Ru.
  2904 | D:3      | Found a glowing golden altar of the Shining One.
  3067 | D:4      | Found a shimmering altar of Xom.
  3068 | D:4      | Found an iron altar of Okawaru.
  3069 | D:4      | Found an ancient bone altar of Kikubaaqudgha.
  3070 | D:4      | Found a radiant altar of Vehumet.
  3070 | D:4      | Found a sparkling altar of Nemelex Xobeh.
  3075 | D:4      | Found a deep blue altar of Sif Muna.
  3076 | D:4      | Found a bloodstained altar of Trog.
  3081 | D:4      | Became a worshipper of Vehumet
  3089 | D:4      | Noticed a phantom
  3132 | D:4      | Killed a phantom
  3132 | D:4      | Reached skill level 5 in Spellcasting
  3132 | D:4      | Reached skill level 1 in Translocations
  3132 | D:4      | Reached XP level 6. HP: 23/32 MP: 0/15
  4236 | D:4      | Found a burning altar of Makhleb.
  4376 | D:5      | Entered Level 5 of the Dungeon
  4378 | D:5      | Reached XP level 7. HP: 24/36 MP: 8/17
  4618 | D:5      | Reached skill level 6 in Spellcasting
  4932 | D:5      | Found a sparkling altar of Nemelex Xobeh.
  5041 | D:5      | Reached * piety under Vehumet
  5041 | D:5      | Offered knowledge of Freeze by Vehumet.
  5098 | D:5      | Learned a level 2 spell: Blink
  5102 | D:5      | Learned a level 3 spell: Conjure Flame
  5257 | D:6      | Found Cueps's Antique Armour Shop.
  5400 | D:6      | Reached XP level 8. HP: 34/41 MP: 5/20
  5401 | D:6      | Reached skill level 1 in Fire Magic
  5409 | D:5      | Reached skill level 7 in Spellcasting
  5609 | D:6      | Found Vaogut Kafu's Food Boutique.
  6278 | D:6      | Noticed Edmund
  6297 | D:6      | Killed Edmund
  6297 | D:6      | Reached skill level 8 in Spellcasting
  6426 | D:6      | Found Sujef's Antique Weapon Boutique.
  6801 | D:6      | Reached ** piety under Vehumet
  6825 | D:6      | Learned a level 3 spell: Mephitic Cloud
  6865 | D:6      | Found Lurymid's Food Boutique.
  7335 | D:7      | Offered knowledge of Shock by Vehumet.
  7391 | D:7      | Reached skill level 1 in Shields
  7613 | D:7      | Found a staircase to the Ecumenical Temple.
  7713 | D:7      | Noticed an ice statue
  8294 | D:8      | Found a sand-covered staircase.
  8346 | Ossuary  | Entered an ossuary
  8509 | Ossuary  | Reached XP level 9. HP: 45/45 MP: 16/23
  8619 | Ossuary  | Offered knowledge of Inner Flame by Vehumet.
  8968 | D:8      | Reached *** piety under Vehumet
  9692 | D:8      | Found a transporter.
  9818 | D:8      | Found a transporter.
  9859 | D:8      | Reached skill level 9 in Spellcasting
 10359 | D:8      | Found a glowing golden altar of the Shining One.
 10536 | D:9      | Offered knowledge of Airstrike by Vehumet.
 10633 | D:9      | Found a flagged portal.
 10654 | D:9      | Reached skill level 5 in Dodging
 10777 | D:9      | Noticed a two-headed ogre
 10783 | D:9      | Killed a two-headed ogre
 10783 | D:9      | Reached skill level 10 in Spellcasting
 10783 | D:9      | Reached skill level 10 in Conjurations
 10783 | D:9      | Reached skill level 1 in Evocations
 10985 | D:9      | Reached XP level 10. HP: 50/50 MP: 4/26
 10991 | D:9      | Noticed Psyche
 11127 | D:9      | Killed Psyche
 11212 | D:9      | Found a staircase to the Lair.
 11422 | D:9      | Noticed a manticore
 11443 | D:9      | Killed a manticore
 12126 | Lair:1   | Entered Level 1 of the Lair of Beasts
 12222 | D:10     | Entered Level 10 of the Dungeon
 12228 | D:10     | Reached skill level 11 in Spellcasting
 12238 | D:10     | Reached **** piety under Vehumet
 12337 | D:10     | Learned a level 4 spell: Airstrike
 12470 | D:10     | Noticed Erolcha
 12654 | D:10     | Noticed a two-headed ogre
 12663 | D:10     | Killed a two-headed ogre
 12663 | D:10     | Reached skill level 1 in Air Magic
 12663 | D:10     | Reached skill level 1 in Poison Magic
 12865 | D:10     | Offered knowledge of Stone Arrow by Vehumet.
 13349 | D:10     | Killed Erolcha
 13349 | D:10     | Reached XP level 11. HP: 54/54 MP: 12/28
 13571 | D:10     | Found a portal to a secret trove of treasure.
 13904 | D:10     | Noticed Snorg
 13914 | D:10     | Killed Snorg
 13914 | D:10     | Reached skill level 12 in Spellcasting
 14646 | D:11     | Reached ***** piety under Vehumet
 14871 | D:11     | Offered knowledge of Poison Arrow by Vehumet.
 14981 | D:11     | Noticed a purple ugly thing
 14983 | D:11     | Noticed a cyan ugly thing
 14989 | D:11     | Killed a cyan ugly thing
 15000 | D:11     | Killed a purple ugly thing
 15178 | D:11     | Noticed a two-headed ogre
 15181 | D:11     | Killed a two-headed ogre
 15531 | D:11     | Found a staircase to the Orcish Mines.
 15596 | D:11     | You fall through a shaft!
 15955 | D:12     | Noticed a two-headed ogre
 16049 | D:12     | Reached skill level 13 in Spellcasting
 16269 | D:12     | Killed a two-headed ogre
 16277 | D:12     | Reached XP level 12. HP: 58/58 MP: 2/31
 16433 | D:11     | Demolished by a large slime creature

Vault maps used:
D:1:      ebering_hopf_link
D:2:      lemuel_coloured_pillars_altar, tgw_kikubaaqudgha, uniq_natasha,
          uniq_terence
D:3:      minitemple
D:4:      grunt_temple_overflow_open, first_ration, makhleb_blood_cavern_becter
D:5:      minmay_gold_behind_fungi, nemelex_dance_club_becter
D:6:      serial_shops, shop_statue, shop, shop, nicolae_shop_behind_doors,
          uniq_edmund
D:7:      lemuel_ice_statue, minmay_temple_entry_butterflies
D:8:      gammafunk_cloud_chamber, lightli_ossuary_entry_decrepit_ruins,
          the_bakery, st_stairs_8, tso_altar
D:9:      minmay_thick_lines, lair_entry_dummy, enter_bailey_2, uniq_psyche
D:10:     nicolae_trove_entry_path_of_doom, bh_walls_and_bars, uniq_snorg,
          uniq_erolcha
D:11:     orc_0_dummy
D:12:     portal_ice_cave_rime, onia_ninara_cookie
Lair:1:   minmay_lair_oklob_chamber, grunt_megastairs_2
Ossuary:  ossuary_tomb_2

Skill      XL: |  1  2  3  4  5  6  7  8  9 10 11 |
---------------+----------------------------------+-----
Stealth        | 3 4 |  4.2
Dodging        | 3 4 5 6 8 |  8.3
Spellcasting   | 4 5 6 8 10 11 13 | 13.3
Conjurations   | 5 6 7 8 10 11 12 | 12.5
Translocations | 1 2 3 4 |  4.6
Fire Magic     | 2 3 4 |  4.0
Shields        | 2 4 |  4.0
Evocations     | 2 4 |  4.0
Air Magic      | 2 4 |  4.0
Poison Magic   | 2 4 |  4.0

Action                   |  1- 3 |  4- 6 |  7- 9 | 10-12 || total
-------------------------+-------+-------+-------+-------++-------
Melee: Dagger            |       |    19 |    31 |       ||    50
 Cast: Magic Dart        |    86 |   115 |   225 |   137 ||   563
       Iskenderun's Myst |       |     9 |    65 |   139 ||   213
       Searing Ray       |       |     6 |    19 |     6 ||    31
       Conjure Flame     |       |       |     3 |     1 ||     4
       Mephitic Cloud    |       |       |     4 |    11 ||    15
       Force Lance       |       |       |     6 |    25 ||    31
  Use: Scroll            |       |     5 |     9 |     1 ||    15
       Potion            |       |       |       |     2 ||     2
  Eat: Chunk             |     1 |    10 |    14 |    12 ||    37
       Ration            |       |       |     3 |     2 ||     5
Armor: Robe              |     1 |     5 |    23 |    17 ||    46
Dodge: Dodged            |    12 |    23 |    70 |    43 ||   148
Block: Buckler           |       |       |     1 |    12 ||    13

Table legend:
 A = Spawn XP
 B = Non-spawn XP
 C = Spawn XP percentage of total XP
 D = Spawn monster count
 E = Non-spawn monster count
 F = Spawn count percentage of total count
 G = Total turns spent on level
                    A         B        C        D         E        F      G
               +---------+---------+-------+---------+---------+-------+---------
         Total |       0 |   21859 |   0.0 |       0 |     319 |   0.0 | 16433
               +---------+---------+-------+---------+---------+-------+---------
           D:1 |       0 |      34 |   0.0 |       0 |      20 |   0.0 |   977
           D:2 |       0 |     223 |   0.0 |       0 |      25 |   0.0 |  1391
           D:3 |       0 |      39 |   0.0 |       0 |      17 |   0.0 |   730
           D:4 |       0 |     472 |   0.0 |       0 |      25 |   0.0 |  1392
           D:5 |       0 |     563 |   0.0 |       0 |      15 |   0.0 |  1091
           D:6 |       0 |    1058 |   0.0 |       0 |      26 |   0.0 |  1610
           D:7 |       0 |     254 |   0.0 |       0 |      16 |   0.0 |  1217
           D:8 |       0 |    1350 |   0.0 |       0 |      20 |   0.0 |  1504
           D:9 |       0 |    3174 |   0.0 |       0 |      26 |   0.0 |  1875
          D:10 |       0 |    5429 |   0.0 |       0 |      48 |   0.0 |  1716
          D:11 |       0 |    4855 |   0.0 |       0 |      29 |   0.0 |  1813
          D:12 |       0 |    4104 |   0.0 |       0 |      22 |   0.0 |   427
       Ossuary |       0 |     304 |   0.0 |       0 |      30 |   0.0 |   617
               +---------+---------+-------+---------+---------+-------+---------
